 Dungeon Crawl Stone Soup version 0.27.1-2-g3b301248ec (webtiles) character file.

Game seed: 15205751505855869714

88 Rickety the Chopper (level 4, -3/40 HPs)
             Began as a Hill Orc Fighter on Sept 25, 2021.
             Slain by Ijyb (8 damage)
             ... on level 3 of the Dungeon.
             The game lasted 00:03:21 (2506 turns).

Rickety the Chopper (Hill Orc Fighter)              Turns: 2506, Time: 00:03:22

Health: -3/40      AC:  9    Str: 19    XL:     4   Next: 53%
Magic:  4/4        EV:  7    Int:  8    God:
Gold:   105        SH:  9    Dex: 10    Spells: 3/3 levels left

rFire    . . .     SeeInvis .   a - +0 war axe
rCold    . . .     Faith    .   c - +0 kite shield
rNeg     + . .     Spirit   .   b - +0 scale mail
rPois    .         Reflect  .   (no helmet)
rElec    .         Harm     .   e - +0 cloak
rCorr    .         Rampage  .   p - +0 pair of gloves
Will     .....                  (no boots)
Stlth    ..........             (no amulet)
HPRegen  0.13/turn              n - ring of positive energy
MPRegen  0.09/turn              (no ring)

@: no status effects
A: no striking features
a: no special abilities


You were on level 3 of the Dungeon.
You visited 1 branch of the dungeon, and saw 3 of its levels.

You collected 105 gold pieces.

Inventory:

Hand Weapons
 a - a +0 war axe (weapon)
Armour
 b - a +0 scale mail (worn)
 c - a +0 kite shield (worn)
 e - a +0 cloak (worn)
 p - a +0 pair of gloves (worn)
Jewellery
 n - a ring of positive energy (left hand)
Scrolls
 f - a scroll of noise {unknown}
 h - 2 scrolls of fog {unknown}
 i - 6 scrolls of identify {unknown}
 j - a scroll of teleportation {unknown}
 l - a scroll of fear {unknown}
 m - a scroll of blinking {unknown}
 o - a scroll of brand weapon {unknown}
Potions
 d - 2 potions of might
 g - a potion of curing {unknown}
 k - a potion of lignification {unknown}


   Skills:
 + Level 4.0 Fighting
 + Level 4.2(4.4) Axes
 * Level 1.4(2.6) Maces & Flails
 + Level 3.7 Armour
 + Level 3.9 Shields


You had 3 spell levels left.
You didn't know any spells.
Your spell library was empty.

Dungeon Overview and Level Annotations

Branches:
Dungeon (3/15)

Altars:
Wu Jian

Annotations:
D:3 1 runed translucent door, Crazy Yiuf, Ijyb


Message History

You closely miss Ijyb.
Ijyb is moderately wounded.
Ijyb hits you but does no damage.
You barely miss Ijyb.
Ijyb is moderately wounded.
Ijyb hits you with a +5 club. Ijyb barely misses you.
You hit Ijyb.
Ijyb is moderately wounded.
Ijyb screams, "Level is mine!
All mine!"
Ijyb zaps a wand.
You suddenly lose the ability to move!
Ijyb zaps a wand.
You shrug off the repeated paralysis!
The walls and floor vibrate strangely for a moment.
Ijyb zaps a wand.
You resist with some effort.
The now-empty wand crumbles to dust.
You can move again.
Unknown command.
You closely miss Ijyb.
Ijyb is moderately wounded.
Ijyb hits you but does no damage. You block Ijyb's attack.
Your shield and scale mail prevent you from hitting Ijyb.
Ijyb is moderately wounded.
You block Ijyb's attack.
You closely miss Ijyb.
Ijyb is moderately wounded.
Ijyb barely misses you. Ijyb hits you with a +5 club!
You hit Ijyb.
Ijyb is heavily wounded.
Ijyb hits you with a +5 club!
* * * LOW HITPOINT WARNING * * *
You closely miss Ijyb.
Ijyb is heavily wounded.
Ijyb hits you but does no damage. You block Ijyb's attack.
Your shield and scale mail prevent you from hitting Ijyb.
Ijyb is heavily wounded.
Ijyb hits you with a +5 club.
* * * LOW HITPOINT WARNING * * *
You closely miss Ijyb.
Ijyb is heavily wounded.
Ijyb hits you but does no damage. Ijyb hits you with a +5 club!
You die...

#....'.......)##.
####.#...........
#..#.#...........
#....#...........
##.####.......... #.#
##......... #.#
##........ #######.#
##....... #...g@..#
##...... #.#######
####### # # # ###
♣♣#### ###### #)..#♣♣
♣♣....###.....
#...+.♣♣♣♣.............
#...#♣..♣......###.....


You could see Ijyb.

Vanquished Creatures
  3 adders
  3 worms
  5 endoplasms
  A giant cockroach (D:1)
  A hobgoblin (D:2)
  2 jackals (D:3)
  7 kobolds
  A quokka (D:1)
  7 ball pythons
  5 bats
  6 frilled lizards
  7 goblins
  5 rats
  A spectral goblin (D:2)
54 creatures vanquished.

Notes
Turn   | Place    | Note
-------+----------+-------------------------------------------
     0 | D:1      | Rickety the Hill Orc Fighter began the quest for the Orb.
     0 | D:1      | Reached XP level 1. HP: 19/19 MP: 1/1
   107 | D:1      | Reached XP level 2. HP: 18/27 MP: 2/2
   640 | D:1      | Reached XP level 3. HP: 33/33 MP: 3/3
   951 | D:2      | Found an ornate altar of the Wu Jian Council.
  1220 | D:2      | Reached skill level 1 in Maces & Flails
  1309 | D:2      | Found a faded altar of an unknown god.
  1539 | D:2      | Reached XP level 4. HP: 28/40 MP: 4/4
  2176 | D:3      | Found a runed translucent door.
  2177 | D:3      | Noticed Crazy Yiuf
  2470 | D:3      | Noticed Ijyb
  2475 | D:3      | Paralysed by Ijyb for 5 turns
  2483 | D:3      | Paralysed by Ijyb for 4 turns
  2489 | D:3      | Paralysed by Ijyb for 6 turns
  2497 | D:3      | Paralysed by Ijyb for 3 turns
  2506 | D:3      | Slain by Ijyb

Illustrated notes

Levels and vault maps discovered:
D:1:      minmay_arrival_shattered_statue, layout_loops_ring
D:2:      minmay_angry_zag, layout_loops_ring,
          dreamdust_ecumenical_altar_drowned_temple, basic_altar
D:3:      kennysheep_big_flooded_room, layout_basic, gup_sewer_entry_spiral,
          kennysheep_orc_chapel, uniq_ijyb, uniq_crazy_yiuf_cottage

Skill      XL: |  1  2  3  4 |
---------------+-------------+-----
Axes           | 3 4 |  4.2
Fighting       | 4 |  4.0
Maces & Flails | 1 |  1.4
Armour         | |  3.7
Shields        | |  3.9

Action                   |  1- 3 |  4- 6 || total
-------------------------+-------+-------++-------
Melee: War axe           |   116 |    57 ||   173
Armor: Scale mail        |    70 |    28 ||    98
Dodge: Dodged            |    33 |    13 ||    46
Block: Kite shield       |    64 |    20 ||    84
